 Dungeon Crawl Stone Soup version 0.23.2-1-ga50397a6bc (webtiles) character file.

Game seed: 632514795589798108

275 Mrkan the Skirmisher (level 6, -5/51 HPs)
             Began as a Minotaur Monk on May 1, 2019.
             Was a Believer of Hepliaklqana.
             Killed from afar by a white imp (10 damage)
             ... with a puff of frost
             ... summoned by Eustachio
             ... on level 4 of the Dungeon.
             The game lasted 00:14:01 (3749 turns).

Mrkan the Skirmisher (Minotaur Monk)                Turns: 3749, Time: 00:14:02

Health: -5/51      AC:  2    Str: 15    XL:     6   Next: 3%
Magic:  5/5        EV: 15    Int:  7    God:    Hepliaklqana [**....]
Gold:   229        SH:  0    Dex: 15    Spells: 5/5 levels left

rFire    . . .     SeeInvis .   a - +0 hand axe
rCold    . . .     Gourm    .   (no shield)
rNeg     . . .     Faith    .   b - +0 robe
rPois    .         Spirit   .   (helmet restricted)
rElec    .         Reflect  .   (no cloak)
rCorr    .         Harm     .   (no gloves)
MR       .....                  (no boots)
Stlth    ++........             (no amulet)
HPRegen  0.17/turn              (no ring)
MPRegen  0.09/turn              (no ring)

@: fainting
A: retaliatory headbutt, reduced essence, horns 2
a: Recall Ancestor, Ancestor Identity, Renounce Religion


You were on level 4 of the Dungeon.
You worshipped Hepliaklqana.
Hepliaklqana was pleased with you.
You were fainting.

You visited 1 branch of the dungeon, and saw 4 of its levels.

You collected 229 gold pieces.

Inventory:

Hand Weapons
 a - a +0 hand axe (weapon)
Missiles
 g - 117 stones (quivered)
Armour
 b - a +0 robe (worn)
Jewellery
 d - an uncursed ring of see invisible {unknown}
Scrolls
 e - 2 scrolls of remove curse {unknown}
 f - 2 scrolls of blinking {unknown}
 i - a scroll of immolation {unknown}
 l - 2 scrolls of magic mapping {unknown}
 m - 3 scrolls of enchant armour {unknown}
 o - 2 scrolls of identify {unknown}
 q - 4 scrolls of amnesia {unknown}
 s - 2 scrolls of teleportation {unknown}
 u - a scroll of fear {unknown}
 w - a scroll of fog {unknown}
Potions
 h - 3 potions of curing {unknown}
 j - 2 potions of mutation {unknown}
 k - 2 potions of might {unknown}
 n - 2 potions of flight {unknown}
 p - a potion of heal wounds {unknown}
 r - a potion of ambrosia {unknown}
 t - a potion of cancellation {unknown}
 v - 2 potions of degeneration {unknown}
Comestibles
 c - 9 rations


   Skills:
 * Level 5.8 Fighting
 + Level 5.5 Axes
 + Level 4.7 Dodging
 - Level 1.6 Stealth


You had 5 spell levels left.
You didn't know any spells.
Your spell library was empty.

Dungeon Overview and Level Annotations

Branches:
Dungeon (4/15)
 Temple: D:4-7

Altars:
Gozag
Hepliaklqana
Okawaru
Qazlal
Ru
Sif Muna
Yredelemnul

Annotations:
D:4 Eustachio


Innate Abilities, Weirdness & Mutations

You reflexively headbutt those who attack you in melee.
You have a pair of horns on your head.
Your life essence is reduced to manifest your ancestor. (-10% HP)


Message History

Friðuswiþ gestures at Eustachio while chanting.
Eustachio appears confused.
You catch the helpless Eustachio completely off-guard!
You hit Eustachio but do no damage.
Eustachio is almost dead.
You hit the white imp. You barely miss the ooze. Eustachio misses you.
You furiously retaliate!
You headbutt Eustachio, but do no damage.
The ooze hits you.
* * * LOW HITPOINT WARNING * * *
Friðuswiþ barely misses Eustachio.
The white imp closely misses you. You furiously retaliate!
You headbutt the white imp. You hit Eustachio.
Eustachio is almost dead.
You closely miss the white imp. You hit the ooze but do no damage.
Eustachio misses the white imp.
The ooze hits you.
* * * LOW HITPOINT WARNING * * *
The white imp gestures at you. The puff of frost hits you!
You die...

#.. #.# #..
#.. #.. #.#
#.. #.# #.. #
#.# #.. #.
##.####### #..
###.#@5.......
....
#....R@.##
....
...####.J.#
.#.. #.#.#
#...# #.#..#
#... #.# .##
#.# # #.#
....# #.# .
#.#
##...####.# .
#.# #....#.###
#.# #....##


You could see the friendly Friðuswiþ the hexer, Eustachio (confused), an ooze
and a white imp.

Vanquished Creatures
  A centaur (D:2)
  Jessica (D:3)
  A hound skeleton (D:4)
  4 adders (D:2)
  An ooze (D:3)
  A worm (D:2)
  3 dart slugs
  A leopard gecko (D:3)
  An orc (D:4)
  2 giant cockroaches
  10 goblins
  15 hobgoblins
  2 ball pythons
  5 bats
  2 frilled lizards (D:1)
  8 kobolds
  8 rats
  A plant (D:4)
67 creatures vanquished.

Vanquished Creatures (collateral kills)
  An orc wizard (D:4)
  A worker ant zombie (D:4)
  An orc (D:4)
  A quokka skeleton (D:4)
4 creatures vanquished.

Grand Total: 71 creatures vanquished

Notes
Turn   | Place    | Note
-------+----------+-------------------------------------------
     0 | D:1      | Mrkan the Minotaur Monk began the quest for the Orb.
     0 | D:1      | Reached XP level 1. HP: 19/19 MP: 0/0
    75 | D:1      | Reached XP level 2. HP: 15/27 MP: 1/1
   548 | D:1      | Reached XP level 3. HP: 33/33 MP: 2/2
  1241 | D:2      | Reached XP level 4. HP: 20/41 MP: 3/3
  1771 | D:2      | Noticed a centaur
  1781 | D:2      | Killed a centaur
  1781 | D:2      | Reached skill level 5 in Fighting
  1781 | D:2      | Reached XP level 5. HP: 14/48 MP: 4/4
  2657 | D:3      | Noticed Jessica
  2663 | D:3      | Killed Jessica
  2663 | D:3      | Reached skill level 5 in Axes
  2679 | D:3      | Found a hazy altar of Hepliaklqana.
  2679 | D:3      | Found a deep blue altar of Sif Muna.
  2681 | D:3      | Found a stormy altar of Qazlal.
  2682 | D:3      | Found a basalt altar of Yredelemnul.
  2683 | D:3      | Found an iron altar of Okawaru.
  2687 | D:3      | Found a sacrificial altar of Ru.
  2696 | D:3      | Became a worshipper of Hepliaklqana the Forgotten
  2696 | D:3      | Reached * piety under Hepliaklqana
  2696 | D:3      | Reached ** piety under Hepliaklqana
  2697 | D:3      | Remembered your ancestor Friðuswiþ as a hexer
  3019 | D:3      | Found an opulent altar of Gozag.
  3699 | D:4      | Paralysed by fainting for 6 turns
  3725 | D:4      | Reached XP level 6. HP: 51/51 MP: 5/5
  3730 | D:4      | Noticed Eustachio
  3737 | D:4      | Paralysed by fainting for 7 turns
  3749 | D:4      | Killed from afar by a white imp

Skill      XL: |  1  2  3  4  5 |
---------------+----------------+-----
Fighting       | 4 5 |  5.8
Dodging        | 4 |  4.7
Axes           | 4 5 |  5.5
Stealth        | |  1.6

Action                   |  1- 3 |  4- 6 || total
-------------------------+-------+-------++-------
Melee: Hand axe          |    84 |    93 ||   177
       Headbutt          |    14 |    23 ||    37
Invok: Ancestor Life: He |       |     1 ||     1
       Ancestor Identity |       |     1 ||     1
 Stab: Sleeping          |     1 |       ||     1
       Confused          |       |     1 ||     1
  Eat: Chunk             |       |     6 ||     6
Armor: Robe              |    10 |    12 ||    22
Dodge: Dodged            |    62 |    64 ||   126
